 Dungeon Crawl Stone Soup version 0.25-a0-614-g73ad250 (webtiles) character file.

Game seed: 9404090116705756210, levelgen mode: deterministic

140 15 the Bolt Thrower (level 5, 36/39 HPs)
             Began as a Formicid Hunter on Mar 17, 2020.
             Was a Follower of Ashenzari.
             Quit the game on level 3 of the Dungeon.
             The game lasted 00:10:52 (1670 turns).

15 the Bolt Thrower (Formicid Hunter)               Turns: 1670, Time: 00:10:53

Health: 36/39      AC:  7    Str: 16    XL:     5   Next: 46%
Magic:  6/6        EV: 10    Int: 12    God:    Ashenzari [*.....]
Gold:   120        SH:  0    Dex: 11    Spells: 6/6 levels left

rFire    . . .     SeeInvis +   m - +0 spear
rCold    . . .     Gourm    .   (no shield)
rNeg     . . .     Faith    .   l - +0 scale mail (curse)
rPois    .         Spirit   .   (helmet unavailable)
rElec    .         Reflect  .   h - +0 cloak
rCorr    .         Harm     .   (no gloves)
MR       .....                  (no boots)
Stlth    ..........             (no amulet)
HPRegen  0.13/turn              (no ring)
MPRegen  0.10/turn              (no ring)

@: no status effects
A: permanent stasis, dig shafts and tunnels, four strong arms, antennae 3
a: Dig, Shaft Self, Curse Item, Scrying, Renounce Religion


You were on level 3 of the Dungeon.
You worshipped Ashenzari.
Ashenzari was aware of your devotion.
You were not hungry.

You visited 1 branch of the dungeon, and saw 3 of its levels.

You collected 120 gold pieces.

Inventory:

Hand Weapons
 a - a +1 hand crossbow
 b - a +0 short sword
 m - a +0 spear (weapon)
Missiles
 d - 34 bolts
Armour
 c - a +0 leather armour
 h - a +0 cloak (worn)
 l - a cursed +0 scale mail (worn)
Scrolls
 g - a scroll of amnesia
 i - 3 scrolls of identify
 j - a scroll of fear
 k - 2 scrolls of remove curse
 o - a scroll of enchant weapon
 p - a scroll of blinking {unknown}
Potions
 e - a potion of brilliance
 n - a potion of heal wounds
Comestibles
 f - 6 rations
 q - 3 chunks of flesh


   Skills:
 * Level 2.7 Fighting
 + Level 0.1 Short Blades
 + Level 1.1 Polearms
 * Level 5.3 Crossbows
 * Level 1.4 Armour
 * Level 2.1 Dodging
 + Level 1.3 Stealth
 * Level 1.1 Spellcasting


You had 6 spell levels left.
You didn't know any spells.
Your spell library was empty.

Dungeon Overview and Level Annotations

Branches:
Dungeon (3/15)

Altars:
Ashenzari
Dithmenos
Elyvilon
Ru
Vehumet
Xom
Zin
The Shining One


Innate Abilities, Weirdness & Mutations

You cannot be hasted, slowed, berserked, paralysed or teleported.
You can dig through walls and to a lower floor.
Your four strong arms can wield two-handed weapons with a shield.
You have a pair of large antennae on your head. (SInv)


Message History

You see here a +0 dagger.
d - 34 bolts (gained 1)
Found a shadowy altar of Dithmenos.
i - 3 scrolls of identify (gained 1)
A bat comes into view.
A bat is nearby!
Attack whom?
Press: ? - help, Dir - move target cursor, f - bat
Aim: a bat You reach to attack!
You hit the bat.
You kill the bat!
No target in view!
No target in view!
You see here a bat corpse.
You butcher the bat corpse.
q - 3 chunks of flesh (gained 1)
You see here a bat skeleton.
Are you sure you want to abandon this character and quit the game? (Confirm with "yes".)
Okay, then.
Are you sure you want to abandon this character and quit the game? (Confirm with "yes".)

........................
##.#.........##.#..#.#..
#.#.#.#...............
.......................
#..#........##.#..#....
#..#..#..#..##.#..#.#..
.. #..#..#..##.#... . .
....#..#..##.##.#.#.
...........@.......
..##.##....##.#.# .. #.
#....# . ........
##.##........ #
.......... ##.#......#
#.#..##...


There were no monsters in sight!

Vanquished Creatures
  Robin (D:2)
  A gnoll (D:1)
  6 adders
  2 worms
  A dart slug (D:1)
  A leopard gecko (D:2)
  A giant cockroach (D:1)
  12 hobgoblins
  2 jackals (D:3)
  2 ball pythons
  8 bats
  5 frilled lizards
  11 goblins
  2 kobolds (D:1)
  5 rats
60 creatures vanquished.

Vanquished Creatures (others)
  A quokka (D:2)
1 creature vanquished.

Grand Total: 61 creatures vanquished

Notes
Turn   | Place    | Note
-------+----------+-------------------------------------------
     0 | D:1      | 15 the Formicid Hunter began the quest for the Orb.
     0 | D:1      | Reached XP level 1. HP: 16/16 MP: 1/1
    88 | D:1      | Reached XP level 2. HP: 21/22 MP: 2/2
   250 | D:1      | Reached XP level 3. HP: 27/27 MP: 3/3
   725 | D:2      | Reached skill level 5 in Crossbows
   783 | D:2      | Reached XP level 4. HP: 12/33 MP: 3/5
   807 | D:2      | Found a sacrificial altar of Ru.
   818 | D:2      | Found a glowing silver altar of Zin.
   821 | D:2      | Reached skill level 1 in Spellcasting
   968 | D:2      | Found a radiant altar of Vehumet.
  1161 | D:2      | Found a white marble altar of Elyvilon.
  1161 | D:2      | Found a faded altar of an unknown god.
  1166 | D:2      | Found a glowing golden altar of the Shining One.
  1170 | D:2      | Found a faded altar of an unknown god.
  1172 | D:2      | Found a shimmering altar of Xom.
  1219 | D:2      | Found a faded altar of an unknown god.
  1232 | D:2      | Reached skill level 1 in Armour
  1265 | D:2      | Became a worshipper of Ashenzari the Shackled
  1265 | D:2      | Reached * piety under Ashenzari
  1293 | D:2      | Noticed Robin
  1298 | D:2      | Reached XP level 5. HP: 26/38 MP: 6/6
  1344 | D:2      | Killed Robin
  1349 | D:2      | Reached skill level 1 in Polearms
  1648 | D:3      | Found a shadowy altar of Dithmenos.
  1670 | D:3      | Quit the game

Levels and vault maps discovered:
D:1:      minmay_arrival_four_houses, layout_loops_cross, minmay_tetromino_o4
D:2:      layout_basic, fiery_altar_vehumet, grunt_temple_overflow_open,
          chequers_temple_overflow_minitemple, chequers_ecumenical_altar_simple,
          uniq_robin
D:3:      layout_basic, marbit_many_paths, grunt_dithmenos_smoke,
          chequers_mini_garden, lexackson_kobold_supper, uniq_natasha

Skill      XL: |  1  2  3  4  5 |
---------------+----------------+-----
Dodging        | 2 |  2.1
Crossbows      | 5 |  5.3
Spellcasting   | 1 |  1.1
Armour         | 1 |  1.4
Polearms       | 1 |  1.1
Fighting       | |  2.7
Short Blades   | |  0.1
Stealth        | |  1.3

Action                   |  1- 3 |  4- 6 || total
-------------------------+-------+-------++-------
Melee: Short sword       |    19 |       ||    19
       Spear             |    32 |   116 ||   148
 Fire: Hand crossbow     |    40 |    31 ||    71
  Use: Scroll            |     3 |     7 ||    10
       Potion            |       |     1 ||     1
 Stab: Sleeping          |     1 |       ||     1
  Eat: Chunk             |       |     3 ||     3
Armor: Leather armour    |     4 |       ||     4
       Scale mail        |    15 |    47 ||    62
Dodge: Dodged            |    44 |    62 ||   106

Table legend:
 A = Non-vault XP
 B = Vault XP
 C = Vault XP percentage of total XP
 D = Non-vault monster count
 E = Vault monster count
 F = Vault count percentage of total count
                 A         B        C        D         E       F
            +---------+---------+-------+---------+---------+-------
      Total |     161 |      39 |  19.5 |      46 |      14 |  23.3
            +---------+---------+-------+---------+---------+-------
        D:1 |      38 |       5 |  11.6 |      16 |       3 |  15.8
        D:2 |      95 |      34 |  26.4 |      22 |      11 |  33.3
        D:3 |      28 |       0 |   0.0 |       8 |       0 |   0.0
            +---------+---------+-------+---------+---------+-------
